 Dungeon Crawl Stone Soup version 0.29.1-12-g30fa7ad0bf (webtiles) character file.

Game seed: 16665862228109241099

260 Pepete the Shield-Bearer (level 6, -3/48 HPs)
             Began as a Formicid Fighter on Oct 13, 2022.
             Was a Follower of Kikubaaqudgha.
             Killed by nerve-wracking pain
             ... invoked by Jessica
              (13 damage)
             ... on level 3 of the Dungeon on Dec 24, 2022.
             The game lasted 00:05:01 (4505 turns).

Pepete the Shield-Bearer (Formicid Fighter)         Turns: 4505, Time: 00:05:02

Health: -3/48      AC:  7    Str: 22    XL:     6   Next: 41%
Magic:  6/6        EV:  9    Int:  8    God:    Kikubaaqudgha [*.....]
Gold:   137        SH:  6    Dex: 13    Spells: 5/5 levels left

rFire   . . .      SeeInvis +   a - +0 war axe
rCold   . . .      Faith    .   c - +1 buckler
rNeg    . . .      Spirit   .   b - +0 scale mail
rPois   .          Reflect  .   (helmet unavailable)
rElec   .          Harm     .   (no cloak)
rCorr   .          Rampage  .   (no gloves)
Will    .....                   (no boots)
Stlth   ..........              (no amulet)
HPRegen 0.16/turn               (no ring)
MPRegen 0.10/turn               (no ring)

@: no status effects
A: permanent stasis, dig shafts and tunnels, antennae 3, four strong arms
a: Dig, Shaft Self, Renounce Religion, Unearth Wretches


You were on level 3 of the Dungeon.
You worshipped Kikubaaqudgha.
Kikubaaqudgha was aware of your devotion.
You visited 1 branch of the dungeon, and saw 3 of its levels.

You collected 137 gold pieces.

Inventory:

Hand Weapons
 a - a +0 war axe (weapon)
Armour
 b - a +0 scale mail (worn)
 c - a +1 buckler (worn)
Jewellery
 i - an amulet of magic regeneration
Scrolls
 j - a scroll of identify {unknown}
 l - a scroll of acquirement {unknown}
Potions
 d - a potion of might
 f - a potion of heal wounds {unknown}
 g - a potion of curing {unknown}
 k - a potion of invisibility {unknown}


   Skills:
 + Level 3.9 Fighting
 * Level 4.3 Axes
 * Level 4.6 Armour
 + Level 4.6 Shields
 * Level 1.5 Necromancy


You had 5 spell levels left.
You didn't know any spells.
Your spell library contained the following spells:

 Spells                   Type           Power      Damage    Failure   Level
 Necrotise                Necr           8%         1d4       58%         1
 Sublimation of Blood     Necr           2%         N/A       73%         2
 Anguish                  Hex/Necr       0%         N/A       100%        4
 Animate Dead             Necr           2%         N/A       100%        4
 Enfeeble                 Hex            0%         N/A       100%        7


Dungeon Overview and Level Annotations

Branches:
Dungeon (3/15)

Altars:
Ashenzari
Kikubaaqudgha

Annotations:
D:3 Jessica


Innate Abilities, Weirdness & Mutations

You cannot be hasted, slowed, berserked, paralysed or teleported.
You can dig through walls and to a lower floor.
You have a pair of large antennae on your head. (SInv)
Your four strong arms can wield two-handed weapons with a shield.


Message History

You struggle to resist.
Jessica hits you with a +0 club.
The giant cockroach bites you but does no damage.
Jessica barely misses you.
Jessica gestures wildly while chanting.
Jessica blinks!
You barely miss the giant cockroach.
The giant cockroach barely misses you. x2
You slash the giant cockroach!
You kill the giant cockroach!
Kikubaaqudgha accepts your kill. Jessica casts a spell at you.
Pain shoots through your body! Jessica hits you with a +0 club.
Jessica gestures wildly while chanting.
Jessica seems to speed up.
Jessica closely misses you.
Jessica mumbles something strange.
You block Jessica's attack. Jessica hits you with a +0 club.
You block Jessica's attack. Jessica barely misses you.
Jessica hits you with a +0 club. Jessica closely misses you.
Jessica hits you with a +0 club. x2
You block Jessica's attack. Jessica completely misses you.
You block Jessica's attack. Jessica closely misses you.
Jessica hits you with a +0 club. Jessica casts a spell at you.
Pain shoots through your body!
* * * LOW HITPOINT WARNING * * *
Jessica barely misses you. Jessica hits you but does no damage.
Jessica casts a spell.
Jessica blinks!
Jessica casts a spell at you. Pain shoots through your body!
* * * LOW HITPOINT WARNING * * *
Jessica points at you and mumbles some strange words.
Pain shoots through your body!
You die...
Kikubaaqudgha rasps: "You have failed me!
Welcome... death!"

.......!.#.......#
.................#
#.....###........#
##..## #........#
....#####...@....#
### #............#
..####.......#
#.ยง.....#
#.@.....#
#########


You could see Jessica (fast).

Vanquished Creatures
  2 orc priests (D:3)
  An orc wizard (D:3)
  10 adders
  2 adder zombies (D:2)
  3 adder skeletons (D:2)
  2 worms (D:2)
  2 dart slugs (D:1)
  2 orcs (D:3)
  4 ball pythons
  A bat zombie (D:2)
  4 endoplasms
  3 giant cockroaches
  3 goblins
  7 hobgoblins
  4 quokkas
  A ball python skeleton (D:2)
  2 bats
  5 frilled lizards
  A jackal zombie (D:2)
  5 kobolds
  A quokka zombie (D:2)
  10 rats
75 creatures vanquished.

Vanquished Creatures (others)
  A quokka (D:1)
  A ball python (D:2)
  3 withered plants (D:2)
5 creatures vanquished.

Grand Total: 80 creatures vanquished

Notes
Turn   | Place    | Note
-------+----------+-------------------------------------------
     0 | D:1      | Pepete the Formicid Fighter began the quest for the Orb.
     0 | D:1      | Reached XP level 1. HP: 18/18 MP: 1/1
   262 | D:1      | Reached XP level 2. HP: 22/24 MP: 2/2
   861 | D:1      | Reached XP level 3. HP: 15/29 MP: 3/3
  1437 | D:1      | Found a faded altar of an unknown god.
  1447 | D:1      | Prayed at the altar of an unknown god.
  1447 | D:1      | Became a worshipper of Kikubaaqudgha
  1447 | D:1      | Reached * piety under Kikubaaqudgha
  1447 | D:1      | Received a gift from Kikubaaqudgha
  2680 | D:2      | Reached XP level 4. HP: 34/35 MP: 4/4
  2951 | D:2      | Reached XP level 5. HP: 29/41 MP: 5/5
  3500 | D:2      | Found a broken altar of Ashenzari.
  3513 | D:2      | Reached skill level 1 in Necromancy
  3921 | D:3      | Reached XP level 6. HP: 47/48 MP: 6/6
  4442 | D:3      | Upgraded the game from 0.29.1-1-gd02db6906a to
                  | 0.29.1-12-g30fa7ad0bf
  4471 | D:3      | Noticed Jessica
  4505 | D:3      | Killed from afar by Jessica

Illustrated notes

Levels and vault maps discovered:
D:1:      pf_arrival_petrified_forest, layout_loops_corners,
          ebering_ecumenical_altar_ruins, minmay_tetromino_s2
D:2:      layout_basic, basic_altar, serial_undead, serial_undead_f,
          serial_undead_d, serial_undead_d, serial_undead_c,
          grunt_ministairs_15, minmay_misc_feat_chi, minmay_surrounded
D:3:      layout_rooms, uniq_jessica

Skill      XL: |  1  2  3  4  5  6 |
---------------+-------------------+-----
Armour         | 4 |  4.6
Axes           | 3 4 |  4.3
Necromancy     | 1 |  1.5
Fighting       | |  3.9
Shields        | |  4.6

Action                   |  1- 3 |  4- 6 || total
-------------------------+-------+-------++-------
Melee: War axe           |    85 |   130 ||   215
Invok: Unearth Wretches  |     1 |     1 ||     2
 Abil: Dig               |     1 |       ||     1
  Use: Scroll            |       |     2 ||     2
 Stab: Paralysed         |     1 |     1 ||     2
Armor: Scale mail        |    34 |    61 ||    95
Dodge: Dodged            |    32 |    82 ||   114
Block: Buckler           |    22 |    38 ||    60
